AoeStats
← boringstorm

Arabia

506748446Analyzed
1v1 RM · 16d ago on Sep 15, 2026· 39m 5s· 2 players
Game mode
Random Map
Map size
Tiny (2 player)
Population
200
Speed
Normal
Resources
Standard
Victory
Conquest
Starting age
Dark Age
Ending age
Imperial Age
RankedLock teamsTeams togetherTeam positionsShared explorationLock speedFull tech treeHidden civsTurbo modeCheats
Victory
Defeat
🇨🇴 Cumans · Colombia
970
+14
🇺🇸 Hindustanis · United States
932
-14
boringstorm
7:39 Loom
10:35 Feudal Age
11:30 Double-Bit Axe
19:43 Horse Collar
23:33 Castle Age
23:09 Gold Mining
23:51 Bloodlines
24:59 Heavy Plow
25:18 Bow Saw
25:50 Wheelbarrow
25:57 Husbandry
27:27 Hand Cart
30:20 Town Watch
30:56 Forging
30:53 Scale Barding Armor
34:39 Iron Casting
34:25 Chain Barding Armor
35:34 Chain Barding Armor
39:43 Imperial Age
rbarrigam
0:53 Loom
9:56 Feudal Age
21:49 Castle Age
21:00 Forging
20:59 Double-Bit Axe
21:01 Horse Collar
21:43 Stone Mining
21:47 Gold Mining
28:32 Pikeman
32:57 Wheelbarrow
32:07 Town Watch
38:44 Imperial Age
37:15 Ballistics
37:06 Masonry
37:44 Scale Barding Armor
37:59 Scale Mail Armor
39:26 Iron Casting
Connection lost

Rejoining the realm…

Still unreachable

The connection could not be restored.

Session expired

The server has moved on; the page needs a fresh start.